[ AOE2 MATCH · #507602053 ]
UnrankedTurks vs Franks
Player's team · LOSS
Rival team · WIN
[ REPLAY ANALYSIS · EXTRACTED FROM THE RECORDED GAME ]
Feudal
—
Castle
—
Imperial
—
| APM avg | 26.0 |
| APM peak | 73 |
| eAPM avg | 12.4 |
| Villagers / military | 51 / 22 |
Focus
⚔️ 13.8% · 🌾 86.2%
Janissary ×15 · Trebuchet (Packed) ×5 · Mangonel ×1 · Bombard Cannon ×1
Feudal
—
Castle
—
Imperial
—
| APM avg | 24.7 |
| APM peak | 78 |
| eAPM avg | 14.5 |
| Villagers / military | 110 / 55 |
Focus
⚔️ 24.1% · 🌾 75.9%
Throwing Axeman ×50 · Trebuchet (Packed) ×4 · Monk ×1
Match map
Initial resources + every placement click. Lines = walls · curves = elevation contours. ◆ gold · ⬟ stone · ● berries · ✦ relic · ◌ wall gap
Your base· ✓ Closed at 13:24 · 0t walls · 3 gate(s)
soundsdifferent's base· ✓ Closed at 11:52 · 0t walls · 2 gate(s)
Smoothed initial terrain · ◌ = detected wall gap · hover for details
Inputs per minute
— fidelon33 - - soundsdifferent
Build order — fidelon33
134 actions detected in the replay
| 0:01 | Queue | Villager (Male) |
| 0:01 | Queue | Villager (Male) |
| 0:02 | Queue | Villager (Male) |
| 0:02 | Queue | Villager (Male) |
| 0:03 | Build | House |
| 0:06 | Build | House |
| 1:25 | Queue | Villager (Male) |
| 1:25 | Queue | Villager (Male) |
| 1:26 | Queue | Villager (Male) |
| 1:45 | Build | Lumber Camp |
| 2:17 | Queue | Villager (Male) |
| 2:17 | Queue | Villager (Male) |
| 2:17 | Queue | Villager (Male) |
| 2:38 | Queue | Villager (Male) |
| 2:38 | Queue | Villager (Male) |
| 3:13 | Queue | Villager (Male) |
| 3:13 | Queue | Villager (Male) |
| 3:13 | Queue | Villager (Male) |
| 3:36 | Queue | Villager (Male) |
| 3:36 | Queue | Villager (Male) |
| 4:02 | Build | House |
| 4:04 | Build | House |
| 4:05 | Build | House |
| 4:19 | Queue | Villager (Male) |
| 4:19 | Queue | Villager (Male) |
| 4:19 | Queue | Villager (Male) |
| 4:19 | Queue | Villager (Male) |
| 4:45 | Build | Mill |
| 5:06 | Queue | Villager (Male) |
| 5:06 | Queue | Villager (Male) |
| 5:07 | Queue | Villager (Male) |
| 5:29 | Queue | Villager (Male) |
| 5:29 | Queue | Villager (Male) |
| 5:29 | Queue | Villager (Male) |
| 7:00 | Queue | Villager (Male) |
| 7:00 | Queue | Villager (Male) |
| 7:29 | Queue | Villager (Male) |
| 7:29 | Queue | Villager (Male) |
| 7:56 | Build | Lumber Camp |
| 8:17 | Queue | Villager (Male) |
| 8:32 | Queue | Villager (Male) |
| 9:03 | Queue | Villager (Male) |
| 9:23 | Queue | Villager (Male) |
| 9:34 | Research | Feudal Age |
| 10:09 | Build | Mining Camp |
| 10:22 | Build | Farm |
| 10:25 | Build | Farm |
| 10:29 | Build | Farm |
| 10:33 | Build | Farm |
| 10:36 | Build | Farm |
| 10:39 | Build | Farm |
| 11:22 | Build | Farm |
| 11:26 | Build | Farm |
| 11:29 | Build | Farm |
| 11:34 | Build | Farm |
| 11:39 | Build | Farm |
| 12:05 | Queue | Villager (Male) |
| 12:05 | Queue | Villager (Male) |
| 12:34 | Build | Market |
| 12:38 | Build | Blacksmith |
| 13:20 | Queue | Villager (Male) |
| 13:24 | Research | Castle Age |
| 13:31 | Build | Mining Camp |
| 13:50 | Build | House |
| 13:51 | Build | House |
| 13:54 | Research | Double-Bit Axe |
| 14:17 | Research | Horse Collar |
| 14:53 | Build | Mining Camp |
| 15:12 | Research | Stone Mining |
| 15:37 | Build | Gate |
| 15:48 | Build | Gate |
| 16:03 | Research | Loom |
| 16:04 | Research | Town Watch |
| 16:17 | Queue | Villager (Male) |
| 16:17 | Queue | Villager (Male) |
| 17:00 | Build | Siege Workshop |
| 17:06 | Build | House |
| 17:22 | Queue | Villager (Male) |
| 17:38 | Build | Castle |
| 17:52 | Research | Fletching |
| 18:24 | Queue | Mangonel |
| 18:37 | Queue | Janissary |
| 18:37 | Queue | Janissary |
| 18:44 | Build | Siege Workshop |
| 18:48 | Queue | Villager (Male) |
| 18:49 | Queue | Villager (Male) |
| 19:09 | Queue | Janissary |
| 20:06 | Research | Wheelbarrow |
| 20:13 | Build | Farm |
| 20:24 | Build | Farm |
| 20:25 | Build | Farm |
| 20:34 | Queue | Janissary |
| 20:34 | Queue | Janissary |
| 20:45 | Queue | Villager (Male) |
| 21:36 | Build | Farm |
| 21:36 | Build | Farm |
| 21:39 | Queue | Villager (Male) |
| 21:45 | Research | Heavy Plow |
| 22:11 | Build | Farm |
| 22:13 | Build | Farm |
| 22:14 | Build | Farm |
| 22:21 | Build | Farm |
| 22:26 | Build | Farm |
| 22:33 | Build | Farm |
| 22:39 | Build | Farm |
| 22:55 | Queue | Villager (Male) |
| 22:55 | Queue | Villager (Male) |
| 23:44 | Queue | Villager (Male) |
| 24:03 | Build | Farm |
| 24:04 | Queue | Villager (Male) |
| 24:35 | Queue | Villager (Male) |
| 24:39 | Build | Farm |
| 24:45 | Build | Farm |
| 25:13 | Queue | Villager (Male) |
| 25:33 | Research | Imperial Age |
| 25:33 | Research | Imperial Age |
| 25:43 | Build | Castle |
| 26:12 | Queue | Janissary |
| 26:12 | Queue | Janissary |
| 26:17 | Research | Gold Mining |
| 26:41 | Queue | Janissary |
| 26:41 | Queue | Janissary |
| 26:57 | Queue | Janissary |
| 26:57 | Queue | Janissary |
| 27:07 | Queue | Janissary |
| 27:07 | Queue | Janissary |
| 27:30 | Queue | Janissary |
| 27:30 | Queue | Janissary |
| 28:50 | Queue | Bombard Cannon |
| 29:29 | Queue | Trebuchet (Packed) |
| 29:29 | Queue | Trebuchet (Packed) |
| 29:29 | Queue | Trebuchet (Packed) |
| 29:30 | Queue | Trebuchet (Packed) |
| 29:30 | Queue | Trebuchet (Packed) |
Build order — soundsdifferent
First 150 of 224 actions detected
| 0:02 | Queue | Villager (Male) |
| 0:02 | Queue | Villager (Male) |
| 0:02 | Queue | Villager (Male) |
| 0:02 | Queue | Villager (Male) |
| 0:02 | Queue | Villager (Male) |
| 0:02 | Queue | Villager (Male) |
| 0:04 | Build | House |
| 0:05 | Build | House |
| 1:35 | Queue | Villager (Male) |
| 1:35 | Queue | Villager (Male) |
| 1:59 | Build | Lumber Camp |
| 2:03 | Queue | Villager (Male) |
| 2:17 | Build | House |
| 2:20 | Queue | Villager (Male) |
| 2:58 | Queue | Villager (Male) |
| 2:58 | Queue | Villager (Male) |
| 2:58 | Queue | Villager (Male) |
| 2:58 | Queue | Villager (Male) |
| 2:58 | Queue | Villager (Male) |
| 2:58 | Queue | Villager (Male) |
| 2:58 | Queue | Villager (Male) |
| 2:59 | Queue | Villager (Male) |
| 2:59 | Queue | Villager (Male) |
| 2:59 | Queue | Villager (Male) |
| 3:23 | Queue | Villager (Male) |
| 3:23 | Queue | Villager (Male) |
| 3:23 | Queue | Villager (Male) |
| 3:23 | Queue | Villager (Male) |
| 3:23 | Queue | Villager (Male) |
| 3:23 | Queue | Villager (Male) |
| 3:23 | Queue | Villager (Male) |
| 3:23 | Queue | Villager (Male) |
| 3:23 | Queue | Villager (Male) |
| 3:49 | Queue | Villager (Male) |
| 3:50 | Queue | Villager (Male) |
| 3:50 | Queue | Villager (Male) |
| 4:10 | Queue | Villager (Male) |
| 4:10 | Queue | Villager (Male) |
| 4:10 | Queue | Villager (Male) |
| 4:31 | Queue | Villager (Male) |
| 4:55 | Queue | Villager (Male) |
| 5:11 | Build | House |
| 5:32 | Queue | Villager (Male) |
| 5:32 | Queue | Villager (Male) |
| 5:32 | Queue | Villager (Male) |
| 5:57 | Build | Mill |
| 5:59 | Queue | Villager (Male) |
| 5:59 | Queue | Villager (Male) |
| 5:59 | Queue | Villager (Male) |
| 5:59 | Queue | Villager (Male) |
| 5:59 | Queue | Villager (Male) |
| 5:59 | Queue | Villager (Male) |
| 5:59 | Queue | Villager (Male) |
| 5:59 | Queue | Villager (Male) |
| 6:17 | Queue | Villager (Male) |
| 6:17 | Queue | Villager (Male) |
| 6:17 | Queue | Villager (Male) |
| 6:17 | Queue | Villager (Male) |
| 6:17 | Queue | Villager (Male) |
| 6:17 | Queue | Villager (Male) |
| 6:17 | Queue | Villager (Male) |
| 6:18 | Queue | Villager (Male) |
| 6:18 | Queue | Villager (Male) |
| 6:41 | Queue | Villager (Male) |
| 6:41 | Queue | Villager (Male) |
| 6:59 | Build | Mining Camp |
| 7:45 | Queue | Villager (Male) |
| 7:47 | Queue | Villager (Male) |
| 8:47 | Research | Feudal Age |
| 9:25 | Queue | Villager (Male) |
| 9:26 | Queue | Villager (Male) |
| 9:31 | Build | House |
| 9:35 | Build | House |
| 11:10 | Build | Blacksmith |
| 11:14 | Build | Market |
| 11:52 | Research | Castle Age |
| 11:52 | Research | Castle Age |
| 13:43 | Research | Double-Bit Axe |
| 13:50 | Build | Farm |
| 13:51 | Build | Farm |
| 13:52 | Build | Farm |
| 13:53 | Build | Farm |
| 13:55 | Build | Farm |
| 13:57 | Build | Farm |
| 14:38 | Build | Castle |
| 14:46 | Build | House |
| 14:53 | Build | House |
| 14:56 | Build | House |
| 15:05 | Queue | Villager (Male) |
| 15:08 | Build | Farm |
| 15:12 | Build | Farm |
| 15:26 | Queue | Villager (Male) |
| 15:26 | Queue | Villager (Male) |
| 15:26 | Queue | Villager (Male) |
| 15:27 | Queue | Villager (Male) |
| 15:46 | Build | Mining Camp |
| 15:51 | Build | Farm |
| 15:55 | Build | Farm |
| 15:58 | Build | Farm |
| 16:00 | Queue | Villager (Male) |
| 16:00 | Queue | Villager (Male) |
| 16:28 | Queue | Villager (Male) |
| 16:34 | Build | Farm |
| 16:37 | Build | Farm |
| 16:40 | Build | Farm |
| 16:53 | Queue | Villager (Male) |
| 16:53 | Queue | Villager (Male) |
| 16:53 | Queue | Villager (Male) |
| 16:53 | Queue | Villager (Male) |
| 16:53 | Queue | Villager (Male) |
| 16:53 | Queue | Villager (Male) |
| 16:53 | Queue | Villager (Male) |
| 16:53 | Queue | Villager (Male) |
| 17:04 | Build | Farm |
| 17:07 | Queue | Throwing Axeman |
| 17:07 | Queue | Throwing Axeman |
| 17:23 | Queue | Throwing Axeman |
| 17:30 | Build | Farm |
| 17:33 | Build | Farm |
| 17:44 | Build | Farm |
| 17:47 | Queue | Throwing Axeman |
| 17:47 | Queue | Throwing Axeman |
| 17:47 | Queue | Throwing Axeman |
| 17:47 | Queue | Throwing Axeman |
| 17:47 | Queue | Throwing Axeman |
| 17:47 | Queue | Throwing Axeman |
| 18:17 | Queue | Throwing Axeman |
| 18:18 | Queue | Throwing Axeman |
| 18:18 | Queue | Throwing Axeman |
| 18:18 | Queue | Throwing Axeman |
| 18:18 | Queue | Throwing Axeman |
| 18:18 | Queue | Throwing Axeman |
| 18:18 | Queue | Throwing Axeman |
| 18:18 | Queue | Throwing Axeman |
| 18:18 | Queue | Throwing Axeman |
| 18:18 | Queue | Throwing Axeman |
| 18:38 | Queue | Villager (Male) |
| 18:49 | Build | Barracks |
| 18:54 | Research | Scale Mail Armor |
| 19:28 | Queue | Throwing Axeman |
| 19:28 | Queue | Throwing Axeman |
| 19:28 | Queue | Throwing Axeman |
| 19:28 | Queue | Throwing Axeman |
| 19:28 | Queue | Throwing Axeman |
| 19:28 | Queue | Throwing Axeman |
| 19:28 | Queue | Throwing Axeman |
| 19:28 | Queue | Throwing Axeman |
| 19:28 | Queue | Throwing Axeman |
| 19:28 | Queue | Throwing Axeman |
| 19:57 | Queue | Villager (Male) |
Match timeline
| 14:38 | soundsdifferent · first_building Castle |
| 17:00 | fidelon33 · first_building Siege Workshop |
| 17:38 | fidelon33 · first_building Castle |
| 18:49 | soundsdifferent · first_building Barracks |
| 21:29 | soundsdifferent · first_building Monastery |
| 24:21 | fidelon33 · first_market_sell 100 food |
| 24:25 | fidelon33 · first_market_buy 100 food |
| 31:05 | fidelon33 · resign |
[ AI ANALYSIS · 1 CREDIT ]
What really happened in this match?
Wolo.gg analyzes every decision: build order, eco, micro, common mistakes by bracket. Personalized analysis on WhatsApp or Discord in 30 seconds.
Civ guide
Turks
Perfil
fidelon33